[Event "Titled Tuesday Blitz October 31 Late 2023"]
[White "La Villa Rivas, Marlon Javier"]
[Black "Nazari, Arad"]
[WhiteFideId "3519546"]
[BlackFideId "12577324"]
[WhiteElo "2404"]
[BlackElo "2842"]
[Result "0-1"]
[Round "2"]
[TimeControl "180+1"]
[Date "2023.10.31"]
[WhiteClock "0:00:20"]
[BlackClock "0:00:38"]
[Board "96"]

1. e4 c5 2. Nf3 d6 3. d4 cxd4 4. Nxd4 Nf6 5. Nc3 a6 6. Bc4 e6 7. Bb3 b5 8. O-O Be7 9. Qf3 Qb6 10. Be3 Qb7 11. Qg3 O-O 12. Bh6 Nh5 13. Qg4 e5 14. Qxh5 exd4 15. Bd5 Nc6 16. Bxc6 Qxc6 17. Nd5 Bd8 18. Bg5 Qxc2 19. Bxd8 Rxd8 20. Qg5 Be6 21. Rac1 Qxb2 22. Ne7+ Kh8 23. Rc7 d3 24. Rd1 Qe2 25. Rcc1 h6 26. Qf4 Rd7 27. Nf5 Bxf5 28. Qxf5 Rc7 29. Qd5 Rac8 30. Rb1 Rc2 31. Qxf7 d2 32. Qf4 Rc1 33. Rbxc1 Rxc1 34. Rxc1 Qe1+ 0-1


[Site "https://www.chess.com"]

[Event "Titled Tuesday Blitz October 31 Late 2023"]
[White "Novikova, Galina"]
[Black "Holt, Conrad"]
[WhiteFideId "4157095"]
[BlackFideId "2034387"]
[WhiteElo "2399"]
[BlackElo "2802"]
[Result "0-1"]
[Round "2"]
[TimeControl "180+1"]
[Date "2023.10.31"]
[WhiteClock "0:00:11"]
[BlackClock "0:00:16"]
[Board "97"]

1. e4 e6 2. Nf3 d5 3. e5 c5 4. b4 cxb4 5. a3 Qa5 6. Bb2 Nc6 7. axb4 Qxb4 8. Bc3 Qb6 9. d4 Bd7 10. Be2 Nh6 11. O-O Be7 12. Nbd2 O-O 13. Re1 Rac8 14. Nb1 Nb4 15. Qd2 Rc7 16. Na3 Rfc8 17. Nb1 a5 18. h3 Nf5 19. Bf1 Rc6 20. g4 Nh4 21. Nxh4 Bxh4 22. Re3 Bg5 23. Ra3 Bxe3 24. fxe3 Qc7 25. Bb5 Rb6 26. Bxd7 Qxd7 27. Rxa5 Na6 28. Na3 Qc6 29. Ba1 h6 30. Kg2 Nc7 31. Rc5 Qd7 32. Qc3 Rc6 33. Bb2 Nb5 34. Nxb5 Rxc5 35. dxc5 Qxb5 36. Ba3 b6 37. h4 bxc5 38. g5 Qe2+ 39. Kg3 hxg5 40. hxg5 Qh5 41. Bxc5 Qxg5+ 42. Kf3 Qh5+ 43. Kg3 Qe2 44. Qb4 Qxc2 45. Bd4 Qg6+ 46. Kf3 Qh5+ 47. Kf4 Rc1 48. Qb8+ Kh7 49. Qb2 Rg1 50. Qc2+ Kh6 51. e4 Qh4+ 52. Kf3 Qxe4+ 53. Qxe4 dxe4+ 54. Kxe4 Rg4+ 55. Ke3 Rxd4 56. Kxd4 g5 57. Kc5 g4 58. Kd6 g3 59. Ke7 Kg7 60. Ke8 g2 61. Ke7 g1=Q 62. Ke8 Qe3 63. Ke7 Qxe5 64. Ke8 Qb5+ 65. Ke7 Qb6 66. Ke8 Qa7 67. Kd8 Kf6 68. Ke8 Qe7# 0-1


[Site "https://www.chess.com"]

[Event "Titled Tuesday Blitz October 31 Late 2023"]
[White "Hambleton, Aman"]
[Black "Ahn, Hongjin"]
[WhiteFideId "2606577"]
[BlackFideId "13201492"]
[WhiteElo "2799"]
[BlackElo "2398"]
[Result "0-1"]
[Round "2"]
[TimeControl "180+1"]
[Date "2023.10.31"]
[WhiteClock "0:00:00"]
[BlackClock "0:01:19"]
[Board "98"]

1. d4 d5 2. Bf4 e6 3. e3 c5 4. c3 Bd6 5. Nf3 Nc6 6. Bg3 Nge7 7. Nbd2 Nf5 8. Bxd6 Qxd6 9. Bd3 Nfe7 10. dxc5 Qxc5 11. e4 O-O 12. e5 f6 13. exf6 Rxf6 14. Nb3 Qd6 15. Qc2 g6 16. O-O e5 17. Be2 Bf5 18. Qd2 Raf8 19. Rae1 a5 20. Qh6 R6f7 21. Ng5 Rg7 22. a3 Bc2 23. Nd2 Qf6 24. Ngf3 e4 25. Nd4 Nxd4 26. cxd4 Qxd4 27. Qe3 Qxe3 28. fxe3 Nf5 29. Rc1 Nxe3 30. Rxf8+ Kxf8 31. Kf2 d4 0-1


[Site "https://www.chess.com"]

[Event "Titled Tuesday Blitz October 31 Late 2023"]
[White "Tanenbaum, Zachary"]
[Black "Spichkin, Alexander"]
[WhiteFideId "2060850"]
[BlackFideId "4144074"]
[WhiteElo "2709"]
[BlackElo "2398"]
[Result "0-1"]
[Round "2"]
[TimeControl "180+1"]
[Date "2023.10.31"]
[WhiteClock "0:00:05"]
[BlackClock "0:00:53"]
[Board "99"]

1. e4 e5 2. Nf3 d5 3. exd5 e4 4. Qe2 Nf6 5. Nc3 Be7 6. Nxe4 Nxd5 7. d3 O-O 8. Qd1 Re8 9. Be2 Bb4+ 10. Bd2 f5 11. Nc3 Bxc3 12. bxc3 Qe7 13. c4 Nf6 14. Bg5 Bd7 15. Bxf6 gxf6 16. Qd2 Nc6 17. Rb1 a5 18. Rxb7 Nb4 19. Nd4 Bc8 20. Rb5 c6 21. Nxf5 Bxf5 22. Rxf5 Rab8 23. Rf3 Nxc2+ 24. Kd1 Nd4 25. Rg3+ Kh8 26. Re3 Rb1+ 27. Qc1 Rxc1+ 28. Kxc1 Qa3+ 29. Kd2 Rxe3 30. Kxe3 Nxe2 31. Kxe2 Qxa2+ 32. Ke3 a4 33. Re1 a3 34. Kf3 Qd2 35. Re8+ Kg7 36. Ra8 Qxd3+ 37. Kg4 Kg6 38. f3 Qxc4+ 39. Kg3 a2 40. h4 f5 41. Kh3 Qb3 42. Ra6 Kf7 43. Ra7+ Ke6 44. Ra6 Kd6 45. h5 h6 46. g4 Qxf3+ 47. Kh2 Qf4+ 48. Kh3 Qxg4+ 49. Kh2 Qxh5+ 50. Kg3 Qe2 51. Ra3 Qb2 52. Rd3+ Ke6 53. Re3+ Kf6 54. Rf3 a1=Q 55. Rf2 Qg1+ 56. Kh3 Qg4+ 57. Kh2 Qxf2+ 58. Kh1 Qgg1# 0-1


[Site "https://www.chess.com"]

[Event "Titled Tuesday Blitz October 31 Late 2023"]
[White "Martinez Ramirez, Lennis"]
[Black "Lebedev, Artem S."]
[WhiteFideId "3509079"]
[BlackFideId "34272747"]
[WhiteElo "2707"]
[BlackElo "2397"]
[Result "0-1"]
[Round "2"]
[TimeControl "180+1"]
[Date "2023.10.31"]
[WhiteClock "0:00:39"]
[BlackClock "0:00:10"]
[Board "100"]

1. b3 Nf6 2. Bb2 e6 3. g3 Be7 4. Bg2 d5 5. Nf3 O-O 6. O-O c5 7. d3 Nc6 8. e3 b5 9. Nbd2 Bb7 10. Ne5 Nxe5 11. Bxe5 Nd7 12. Bb2 Bf6 13. Qc1 Bxb2 14. Qxb2 b4 15. f4 Qf6 16. Qxf6 Nxf6 17. h3 a5 18. a4 Ba6 19. g4 Rac8 20. g5 Nd7 21. Rfd1 Nb6 22. Nf3 c4 23. Bf1 cxb3 24. cxb3 Rc3 25. Nd4 Nd7 26. Rac1 Rfc8 27. Rxc3 Rxc3 28. Kf2 Nc5 29. Nb5 Rc2+ 30. Kf3 Nxb3 31. d4 Nd2+ 32. Kg4 Nxf1 33. Rxf1 Kf8 34. Rb1 Ke7 35. f5 Kd7 36. f6 g6 37. Kf4 Bxb5 38. axb5 Kc7 39. Ke5 Rc4 40. h4 a4 41. b6+ Kxb6 42. Kd6 b3 43. Ke7 Rc7+ 44. Kf8 Kb5 45. h5 gxh5 46. Kg7 Kb4 47. Kxh7 a3 48. Kg7 a2 49. Rc1 Rxc1 50. Kxf7 a1=Q 51. g6 Rc7+ 52. Kxe6 Qa6+ 53. Kf5 Qc8+ 54. Kg5 Qg4+ 55. Kh6 Rc6 56. Kg7 h4 57. e4 Qxe4 58. f7 Qxg6+ 59. Kf8 Rc8+ 60. Ke7 Rc7+ 61. Kd8 Rxf7 62. Ke8 Qg8# 0-1


[Site "https://www.chess.com"]

[Event "Titled Tuesday Blitz October 31 Late 2023"]
[White "Gerbelli Neto, Eduardo"]
[Black "BardArtem"]
[WhiteFideId "2103281"]
[WhiteElo "2394"]
[BlackElo "2704"]
[Result "0-1"]
[Round "2"]
[TimeControl "180+1"]
[Date "2023.10.31"]
[WhiteClock "0:00:19"]
[BlackClock "0:00:44"]
[Board "101"]

1. e4 e5 2. Nf3 Nc6 3. d4 exd4 4. Nxd4 Bb4+ 5. c3 Bc5 6. Be3 Bb6 7. Bc4 Nf6 8. Nd2 O-O 9. O-O Re8 10. Nxc6 bxc6 11. Bxb6 axb6 12. f3 d5 13. Bd3 Qd6 14. Qc2 d4 15. Nc4 Qd8 16. e5 Nd5 17. Bxh7+ Kh8 18. cxd4 b5 19. Nd2 Ne3 20. Qe4 Nxf1 21. Nxf1 f5 22. Bxf5 Bxf5 23. Qxf5 Qxd4+ 24. Kh1 Qxe5 25. Qc2 c5 26. h3 c4 27. Nh2 Qe2 28. Qc3 c5 29. Ng4 b4 30. Qc1 c3 31. bxc3 Rxa2 32. Rxa2 Qxa2 33. cxb4 cxb4 34. Qg5 Qe6 35. Qb5 Qe7 36. Qh5+ Kg8 37. Qh6 gxh6 0-1


[Site "https://www.chess.com"]

[Event "Titled Tuesday Blitz October 31 Late 2023"]
[White "Burke, Carol Ann"]
[Black "nicholas_ilic"]
[WhiteFideId "11104643"]
[WhiteElo "2697"]
[BlackElo "2394"]
[Result "1-0"]
[Round "2"]
[TimeControl "180+1"]
[Date "2023.10.31"]
[WhiteClock "0:00:16"]
[BlackClock "0:00:00"]
[Board "102"]

1. Nf3 c5 2. c4 g6 3. d4 Bg7 4. e4 cxd4 5. Nxd4 Nc6 6. Be3 Nf6 7. Nc3 O-O 8. Be2 d6 9. O-O Be6 10. Nxe6 fxe6 11. Rc1 Kh8 12. Qb3 b6 13. Rfd1 Nd7 14. Bg4 e5 15. Qa4 Rc8 16. Ne2 Rc7 17. b4 Nf6 18. Bf3 Nb8 19. c5 bxc5 20. bxc5 Rd7 21. c6 Rc7 22. Bxa7 Qc8 23. Bxb8 Qxb8 24. Nc3 Ra7 25. Qb3 Qa8 26. Nd5 Nxd5 27. exd5 Rxa2 28. c7 Ra3 29. Qc4 Raxf3 30. gxf3 Qc8 31. Qg4 Rf5 32. Kh1 Bh6 33. Rc2 Bf4 34. Rb1 Kg7 35. Rb8 Qa6 36. c8=Q Qf1+ 37. Qg1 Qh3 38. Qg8+ Kh6 39. Q1xg6+ hxg6 40. Qh8+ Kg5 41. Qxh3 1-0


[Site "https://www.chess.com"]

[Event "Titled Tuesday Blitz October 31 Late 2023"]
[White "Guha, Eshan"]
[Black "Goltsev, Dmitry"]
[WhiteFideId "30958628"]
[BlackFideId "24176710"]
[WhiteElo "2392"]
[BlackElo "2659"]
[Result "0-1"]
[Round "2"]
[TimeControl "180+1"]
[Date "2023.10.31"]
[WhiteClock "0:00:00"]
[BlackClock "0:00:40"]
[Board "103"]

1. d4 Nf6 2. c4 e6 3. g3 Bb4+ 4. Nd2 b6 5. Bg2 Nc6 6. Nf3 O-O 7. O-O Bb7 8. Ne5 Na5 9. Ndf3 Be7 10. Qc2 Be4 11. Nd3 d5 12. b3 c5 13. cxd5 exd5 14. Qd1 Nc6 15. Nde5 Nxe5 16. dxe5 Nd7 17. Bb2 d4 18. Rc1 Rc8 19. Qd2 Bxf3 20. exf3 Nxe5 21. f4 Nd7 22. Rfe1 Bf6 23. Be4 g6 24. h4 Re8 25. Kg2 b5 26. h5 Nb6 27. hxg6 hxg6 28. Qe2 c4 29. bxc4 bxc4 30. Qg4 d3 31. Bxg6 Bxb2 32. Bh7+ Kh8 0-1


[Site "https://www.chess.com"]

[Event "Titled Tuesday Blitz October 31 Late 2023"]
[White "SergioMoralesG"]
[Black "Sipila, Vilka"]
[BlackFideId "505455"]
[WhiteElo "2382"]
[BlackElo "2655"]
[Result "0-1"]
[Round "2"]
[TimeControl "180+1"]
[Date "2023.10.31"]
[WhiteClock "0:00:00"]
[BlackClock "0:02:01"]
[Board "104"]

1. d4 f5 2. c4 Nf6 3. Nf3 g6 4. g3 Bg7 5. Bg2 O-O 6. O-O d6 7. d5 c6 8. Nc3 e5 9. dxe6 Bxe6 10. Qd3 Re8 11. Ng5 Na6 12. Nxe6 Rxe6 13. Bf4 Nc5 14. Qc2 Nfe4 15. Nxe4 Nxe4 16. Rad1 Qa5 17. a3 Qb6 18. Bxe4 Rxe4 19. Rxd6 Qxb2 20. Qxb2 Bxb2 21. Rd7 Bxa3 22. Rxb7 Rxc4 23. Rd1 Bf8 24. Rdd7 a5 25. Rxh7 Re4 26. Bg5 Re6 0-1


[Site "https://www.chess.com"]

[Event "Titled Tuesday Blitz October 31 Late 2023"]
[White "Baghdasaryan, Vahe"]
[Black "Ozates, Tuna"]
[WhiteFideId "13303139"]
[BlackFideId "6354521"]
[WhiteElo "2381"]
[BlackElo "2652"]
[Result "0-1"]
[Round "2"]
[TimeControl "180+1"]
[Date "2023.10.31"]
[WhiteClock "0:00:00"]
[BlackClock "0:00:41"]
[Board "105"]

1. e4 c5 2. Nf3 a6 3. c3 d5 4. exd5 Nf6 5. d4 cxd4 6. cxd4 Nxd5 7. Nc3 Nc6 8. Bd3 Bg4 9. O-O e6 10. Be4 Nxc3 11. bxc3 Bd6 12. h3 Bh5 13. Qb3 Rb8 14. Nd2 O-O 15. Nc4 Bc7 16. Ba3 Re8 17. Qc2 Bg6 18. Bxg6 hxg6 19. Rad1 Qd5 20. Ne3 Qg5 21. Qe4 Rbd8 22. Bc1 Qa5 23. Qc2 Ne7 24. Bd2 Rc8 25. Qb3 b5 26. c4 bxc4 27. Nxc4 Qd5 28. Be3 Nf5 29. Rfe1 Nh4 30. f3 Bg3 31. Bf2 Bxf2+ 32. Kxf2 Rxc4 33. Re5 Qc6 34. d5 Qc5+ 35. Kg3 Nf5+ 36. Kh2 Qd6 37. Re1 Rc1 0-1


[Site "https://www.chess.com"]

[Event "Titled Tuesday Blitz October 31 Late 2023"]
[White "Amburgy, Ryan"]
[Black "Ljukin, Sergei"]
[WhiteFideId "30924820"]
[BlackFideId "14102200"]
[WhiteElo "2650"]
[BlackElo "2375"]
[Result "0-1"]
[Round "2"]
[TimeControl "180+1"]
[Date "2023.10.31"]
[WhiteClock "0:01:07"]
[BlackClock "0:01:35"]
[Board "106"]

1. Nf3 d5 2. d4 Nf6 3. c4 c6 4. Nc3 dxc4 5. a4 Bf5 6. Ne5 Na6 7. f3 Nd7 8. Nxc4 e5 9. e4 exd4 10. Qxd4 Nb4 11. Qd1 Be6 12. Bf4 Nc5 13. Nd6+ Bxd6 14. Bxd6 Bb3 15. Qd2 Nc2+ 16. Ke2 Nxa1 17. Bxc5 Bc4+ 0-1


[Site "https://www.chess.com"]

[Event "Titled Tuesday Blitz October 31 Late 2023"]
[White "Pruijssers, Roeland"]
[Black "UK_23"]
[WhiteFideId "1013068"]
[WhiteElo "2641"]
[BlackElo "2373"]
[Result "1/2-1/2"]
[Round "2"]
[TimeControl "180+1"]
[Date "2023.10.31"]
[WhiteClock "0:00:40"]
[BlackClock "0:01:48"]
[Board "107"]

1. e4 e5 2. Nf3 Nc6 3. Bc4 Nf6 4. d3 Be7 5. O-O O-O 6. Re1 d6 7. a4 Na5 8. Ba2 c5 9. Na3 a6 10. c3 Bd7 11. b4 cxb4 12. cxb4 Nc6 13. Bd2 b5 14. axb5 axb5 15. Nxb5 Nxb4 16. Bc4 Rxa1 17. Qxa1 Nc2 18. Qd1 Nxe1 19. Qxe1 Qb6 20. Nc3 Rb8 21. h3 h6 22. Qa1 Qb2 23. Qa7 Qb7 24. Qa2 Be8 25. Bc1 Ra8 26. Qc2 Bd7 27. Kh2 Be6 28. Bxe6 fxe6 29. Ne2 Rc8 30. Qa2 Qd7 31. Be3 Kh7 32. Ng3 Re8 33. d4 exd4 34. Nxd4 Bf8 35. Nf3 d5 36. Qb1 e5 37. exd5+ Kg8 38. Nd2 Qxd5 39. Nde4 Nxe4 40. Nxe4 Rd8 41. Bxh6 Qd3 42. Qxd3 Rxd3 43. Be3 Kf7 44. Ng5+ Kg6 45. Ne4 Be7 46. g4 Ra3 47. Kg2 Ra2 48. Kf3 Kf7 49. Kg3 Ke6 50. h4 Kf7 51. h5 Ra4 52. Kf3 Ra3 53. Kg3 Ra4 54. Kf3 Ra3 55. Kg3 Ra4 1/2-1/2


[Site "https://www.chess.com"]

[Event "Titled Tuesday Blitz October 31 Late 2023"]
[White "Martinez, Shawn"]
[Black "Ismagilov, Damir"]
[WhiteFideId "2039770"]
[BlackFideId "34199982"]
[WhiteElo "2369"]
[BlackElo "2641"]
[Result "0-1"]
[Round "2"]
[TimeControl "180+1"]
[Date "2023.10.31"]
[WhiteClock "0:00:00"]
[BlackClock "0:01:16"]
[Board "108"]

1. e4 g5 2. d4 h6 3. Nc3 Bg7 4. h4 e6 5. Be3 d5 6. exd5 exd5 7. hxg5 hxg5 8. Rxh8 Bxh8 9. Qh5 Bf6 10. Nf3 g4 11. Ne5 Bxe5 12. Qxe5+ Be6 13. O-O-O Nd7 14. Qh8 Nf6 15. Bg5 Kd7 16. Na4 b6 17. c4 Kc6 18. Nc3 Kb7 19. c5 c6 20. Qh4 Bf5 21. Re1 b5 22. f3 gxf3 23. gxf3 a5 24. Qf4 Bg6 25. Nxb5 cxb5 26. Bxb5 Nh5 27. Qe3 Qc8 28. a4 Qf5 29. Re2 Qb1+ 30. Kd2 Ng3 0-1


[Site "https://www.chess.com"]

[Event "Titled Tuesday Blitz October 31 Late 2023"]
[White "Kazakov, Mikhail"]
[Black "NelsonLinda"]
[WhiteFideId "14102749"]
[WhiteElo "2365"]
[BlackElo "2597"]
[Result "0-1"]
[Round "2"]
[TimeControl "180+1"]
[Date "2023.10.31"]
[WhiteClock "0:00:00"]
[BlackClock "0:00:02"]
[Board "109"]

1. d4 Nf6 2. c4 c5 3. d5 e6 4. Nc3 exd5 5. cxd5 g6 6. e4 d6 7. f4 Bg7 8. Bb5+ Bd7 9. a4 O-O 10. Nf3 Re8 11. e5 Bxb5 12. axb5 dxe5 13. fxe5 Nbd7 14. e6 fxe6 15. d6 Nd5 16. O-O Nxc3 17. bxc3 Bxc3 18. Ra2 Nb6 19. Ng5 Rf8 20. Kh1 Bd4 21. Nxe6 Rxf1+ 22. Qxf1 Qxd6 23. Nxd4 cxd4 24. Rf2 Rf8 25. Rxf8+ Qxf8 26. Qd3 Qc5 27. Bb2 Qc4 28. Qxc4+ Nxc4 29. Bxd4 b6 30. Kg1 Na3 31. Be5 Nxb5 32. Kf2 Kf7 33. Ke3 Ke6 34. Ke4 Nd6+ 35. Kf4 Nc4 36. Bd4 a5 37. Ke4 b5 38. Bc5 a4 39. Kd4 a3 40. Bb4 a2 41. Bc3 Na3 42. Kd3 b4 43. Bb2 Kd5 44. h4 Nb5 45. g4 Nd6 46. h5 Ne4 0-1


[Site "https://www.chess.com"]

[Event "Titled Tuesday Blitz October 31 Late 2023"]
[White "Korpics, Zsolt"]
[Black "Atanasov, Anthony"]
[WhiteFideId "705241"]
[BlackFideId "2623897"]
[WhiteElo "2365"]
[BlackElo "2587"]
[Result "1-0"]
[Round "2"]
[TimeControl "180+1"]
[Date "2023.10.31"]
[WhiteClock "0:00:10"]
[BlackClock "0:00:06"]
[Board "110"]

1. e4 e5 2. Nf3 Nf6 3. Nxe5 d6 4. Nf3 Nxe4 5. Nc3 Nxc3 6. dxc3 Nd7 7. Be3 Be7 8. Qd2 O-O 9. O-O-O Nf6 10. Bd3 Be6 11. a3 Qd7 12. Nd4 c5 13. Nxe6 fxe6 14. c4 Qc6 15. f3 d5 16. Rhe1 a6 17. Bg5 b5 18. cxd5 Qxd5 19. Kb1 Rad8 20. Qe2 Qxg5 21. Qxe6+ Rf7 22. Qxa6 Kh8 23. Bxb5 Rxd1+ 24. Rxd1 Qxg2 25. Qe6 Qxf3 26. Rd3 Qf1+ 27. Ka2 Ng8 28. Bc4 Rf8 29. Rd8 Rxd8 30. Bxf1 Rd6 31. Qc4 Rd4 32. Qb3 Rf4 33. Bd3 Rh4 34. Qb7 Rxh2 35. Bc4 Rxc2 36. Bxg8 Kxg8 37. Qxe7 Rf2 38. Qxc5 Rf8 39. Qd5+ Kh8 40. a4 Rg8 41. a5 g5 42. a6 g4 43. a7 g3 44. Qxg8+ Kxg8 45. a8=Q+ Kg7 46. Qg2 Kg6 47. Qxg3+ Kh5 48. Qh2+ Kg6 49. b4 Kg7 50. b5 Kf7 51. b6 h6 52. Qxh6 1-0


[Site "https://www.chess.com"]

[Event "Titled Tuesday Blitz October 31 Late 2023"]
[White "Leyva Proenza, Richard"]
[Black "Dmitrenko, Viktor"]
[WhiteFideId "3500985"]
[BlackFideId "14110270"]
[WhiteElo "2580"]
[BlackElo "2356"]
[Result "1-0"]
[Round "2"]
[TimeControl "180+1"]
[Date "2023.10.31"]
[WhiteClock "0:00:08"]
[BlackClock "0:00:21"]
[Board "111"]

1. e4 c6 2. d4 d5 3. e5 Bf5 4. h4 h5 5. Bd3 Bxd3 6. Qxd3 Qa5+ 7. c3 e6 8. Ne2 Qa6 9. Qxa6 Nxa6 10. Nd2 c5 11. Nf3 Nh6 12. Bxh6 Rxh6 13. a3 c4 14. Nf4 Nc7 15. a4 f6 16. Kd2 Be7 17. Rhe1 Kd7 18. g3 Rf8 19. Rab1 g5 20. exf6 gxf4 21. Ne5+ Ke8 22. fxe7 Kxe7 23. Rg1 fxg3 24. fxg3 Rf2+ 25. Ke3 Rhf6 26. g4 Rh2 27. Rh1 Rff2 28. Rxh2 Rxh2 29. gxh5 Kf8 30. Rf1+ Kg8 31. Rf7 Ne8 32. Rxb7 Nd6 33. Rd7 Nf5+ 34. Kf4 Rg2 35. Rxa7 Nxh4 36. a5 Nf5 37. a6 Rxb2 38. Rb7 Ra2 39. a7 Ng7 40. Rb8+ Kh7 41. a8=Q Nxh5+ 42. Ke3 Rxa8 43. Rxa8 Ng3 44. Kf4 Ne4 45. Ra3 Kh6 46. Nf3 Kg6 47. Ng1 Nf2 48. Ne2 Nd3+ 49. Kg3 Kf5 50. Ra8 e5 51. Rf8+ Ke4 52. dxe5 Kxe5 53. Kf3 Nc5 54. Ke3 Nb3 55. Re8+ Kf5 56. Nd4+ Nxd4 57. Kxd4 1-0


[Site "https://www.chess.com"]

[Event "Titled Tuesday Blitz October 31 Late 2023"]
[White "Bogaudinov, Rushan"]
[Black "Kochiev, Ivan"]
[WhiteFideId "4129288"]
[BlackFideId "2917890"]
[WhiteElo "2354"]
[BlackElo "2573"]
[Result "0-1"]
[Round "2"]
[TimeControl "180+1"]
[Date "2023.10.31"]
[WhiteClock "0:00:00"]
[BlackClock "0:00:05"]
[Board "112"]

1. e4 e5 2. Nf3 Nf6 3. Nc3 Nc6 4. h3 Bc5 5. Bb5 O-O 6. O-O d6 7. d3 h6 8. Na4 Bb6 9. Nxb6 axb6 10. Re1 Re8 11. a3 d5 12. exd5 Qxd5 13. Bc4 Qd6 14. Bd2 e4 15. dxe4 Nxe4 16. Bd3 Bf5 17. Be3 Rad8 18. Bxe4 Bxe4 19. Qxd6 Rxd6 20. Bf4 Rde6 21. Bxc7 Bxf3 22. Rxe6 Rxe6 23. gxf3 Nd4 24. c3 Nxf3+ 25. Kg2 Nd2 26. Rd1 Nc4 27. Rd8+ Kh7 28. b3 Nxa3 29. Rd7 Kg6 30. Bf4 Rc6 31. c4 b5 32. Rd6+ Kf5 33. Bg3 bxc4 34. bxc4 Rxd6 35. Bxd6 Nxc4 36. Bf8 Kg6 37. Kf3 b5 38. Ke4 Nb6 39. f4 Nd7 40. f5+ Kf6 41. Bb4 g6 42. Bc3+ Kg5 43. Bd2+ Kh5 0-1


[Site "https://www.chess.com"]

[Event "Titled Tuesday Blitz October 31 Late 2023"]
[White "Chan, Luis"]
[Black "KorolDimitriy75"]
[WhiteFideId "3216357"]
[WhiteElo "2570"]
[BlackElo "2353"]
[Result "1/2-1/2"]
[Round "2"]
[TimeControl "180+1"]
[Date "2023.10.31"]
[WhiteClock "0:00:07"]
[BlackClock "0:00:18"]
[Board "113"]

1. b3 c5 2. Bb2 Nc6 3. e3 d6 4. Nf3 e5 5. c4 g6 6. d4 exd4 7. exd4 Bg7 8. Be2 Nge7 9. O-O O-O 10. Qd2 Bg4 11. d5 Bxf3 12. Bxf3 Nd4 13. Be4 Re8 14. Nc3 Qd7 15. Rae1 a6 16. b4 b6 17. a3 Rac8 18. Bd3 Nef5 19. Kh1 h5 20. Ne4 Re7 21. Ng3 Nxg3+ 22. fxg3 Rce8 23. bxc5 bxc5 24. Rxe7 Qxe7 25. Qf4 f5 26. Bc1 Kh7 27. h3 Qe5 28. Qxe5 Bxe5 29. Kh2 h4 30. Bf4 hxg3+ 31. Bxg3 Bxg3+ 32. Kxg3 Re3+ 33. Kf4 Rxd3 34. Re1 Rc3 35. Kg5 Rg3+ 36. Kf6 Rxg2 37. Re7+ Kh6 38. Rd7 f4 39. Rd8 Kh7 40. Rd7+ Kh8 41. Rd8+ Kh7 42. Rd7+ Kh6 43. Rd8 Kh7 1/2-1/2


[Site "https://www.chess.com"]

[Event "Titled Tuesday Blitz October 31 Late 2023"]
[White "Padalka, Artem"]
[Black "Hoang, Thi Bao Tram"]
[WhiteFideId "14118637"]
[BlackFideId "12401102"]
[WhiteElo "2346"]
[BlackElo "2561"]
[Result "0-1"]
[Round "2"]
[TimeControl "180+1"]
[Date "2023.10.31"]
[WhiteClock "0:00:06"]
[BlackClock "0:00:20"]
[Board "114"]

1. d4 d5 2. Bf4 Nf6 3. e3 e6 4. Nf3 Bd6 5. Ne5 c5 6. c3 Nc6 7. Nd2 Qc7 8. Bb5 Bd7 9. Bxc6 Bxc6 10. O-O O-O 11. Ndf3 Ne4 12. Rc1 Bb5 13. Re1 f6 14. Nd3 Bxd3 15. Bxd6 Qxd6 16. Qxd3 c4 17. Qc2 b5 18. Nd2 f5 19. f3 Nf6 20. e4 fxe4 21. fxe4 Ng4 22. e5 Qe7 23. h3 Nh6 24. Nf3 Rf4 25. Rf1 Raf8 26. Nd2 Qh4 27. Rxf4 Rxf4 28. Rf1 Nf5 29. Rxf4 Qxf4 30. Nf3 Qe3+ 31. Kh2 h5 32. Qd2 Qxd2 33. Nxd2 Ne3 34. b4 Nd1 35. Nb1 Kf7 36. Kg3 g5 37. Kf3 Kg6 38. Ke2 Nb2 39. g4 Nd3 40. Kf3 Nf4 41. Kg3 h4+ 42. Kh2 Ne2 43. Kg2 Kf7 44. Kh2 Ke7 45. Kg2 Kd7 46. Kh2 Kc6 47. Kg2 a5 48. a3 Kb6 49. Nd2 Nxc3 50. Nf3 Ne4 51. Kf1 axb4 52. axb4 c3 53. Ke2 Kc6 54. Kd3 Nf2+ 55. Kxc3 Nxh3 56. Kd3 Nf2+ 57. Ke2 Nxg4 58. Nxg5 Nh6 59. Nxe6 Nf5 60. Kd3 h3 61. Nd8+ Kd7 62. Nb7 h2 63. Nc5+ Kc6 64. e6 h1=Q 65. e7 Qe1 66. e8=Q+ Qxe8 0-1


[Site "https://www.chess.com"]

[Event "Titled Tuesday Blitz October 31 Late 2023"]
[White "Avazkhonov, Alikhon"]
[Black "Minina, Veronika"]
[WhiteFideId "14208504"]
[BlackFideId "4174780"]
[WhiteElo "2532"]
[BlackElo "2343"]
[Result "1-0"]
[Round "2"]
[TimeControl "180+1"]
[Date "2023.10.31"]
[WhiteClock "0:00:44"]
[BlackClock "0:00:27"]
[Board "115"]

1. d4 Nf6 2. c4 g6 3. Nc3 Bg7 4. e4 O-O 5. Be2 d6 6. Be3 c5 7. d5 e6 8. Nf3 exd5 9. cxd5 Re8 10. Nd2 a6 11. a4 Nbd7 12. O-O Ne5 13. h3 Rb8 14. f4 Ned7 15. a5 b5 16. axb6 Qxb6 17. Nc4 Qc7 18. e5 dxe5 19. fxe5 Nxe5 20. d6 Qb7 21. Bxc5 Nxc4 22. Bxc4 Nd7 23. Bxf7+ Kf8 24. Bd5+ 1-0


[Site "https://www.chess.com"]

[Event "Titled Tuesday Blitz October 31 Late 2023"]
[White "jactorres"]
[Black "Federzoni, Enzo"]
[BlackFideId "2173301"]
[WhiteElo "2526"]
[BlackElo "2340"]
[Result "0-1"]
[Round "2"]
[TimeControl "180+1"]
[Date "2023.10.31"]
[WhiteClock "0:00:08"]
[BlackClock "0:01:17"]
[Board "116"]

1. e4 c6 2. Nc3 d5 3. Nf3 dxe4 4. Nxe4 Nf6 5. Nxf6+ exf6 6. Bc4 Bd6 7. Qe2+ Qe7 8. Qxe7+ Kxe7 9. O-O Be6 10. Re1 Re8 11. d4 Kf8 12. Bb3 a5 13. c3 a4 14. Bc2 h6 15. Bd2 Nd7 16. a3 b5 17. Nh4 Bc7 18. Nf5 Bb3 19. Be4 Rxe4 20. Rxe4 Bc2 21. Rae1 Bxe4 22. Rxe4 Nb6 23. Rg4 Re8 24. Kf1 Nc4 25. Bc1 g5 26. Nxh6 Kg7 27. Nf5+ Kg6 28. Ne3 Nxe3+ 29. Bxe3 Rxe3 30. fxe3 f5 31. Rg3 Bxg3 32. hxg3 Kh5 33. Ke2 Kg4 34. Kf2 f6 35. e4 fxe4 36. Ke3 Kxg3 37. Kxe4 Kxg2 0-1


[Site "https://www.chess.com"]

[Event "Titled Tuesday Blitz October 31 Late 2023"]
[White "Lopez Del Alamo, Antonio"]
[Black "Bazilius, Augustinas"]
[WhiteFideId "2227339"]
[BlackFideId "12832251"]
[WhiteElo "2340"]
[BlackElo "2525"]
[Result "1-0"]
[Round "2"]
[TimeControl "180+1"]
[Date "2023.10.31"]
[WhiteClock "0:00:50"]
[BlackClock "0:00:10"]
[Board "117"]

1. e4 c5 2. Nf3 a6 3. d3 d5 4. Nbd2 Nc6 5. g3 Nf6 6. Bg2 e6 7. O-O b5 8. Re1 Be7 9. e5 Nd7 10. h4 Qc7 11. Qe2 b4 12. Nf1 a5 13. Bf4 Ba6 14. a4 c4 15. Qd2 Nc5 16. d4 Ne4 17. Qc1 c3 18. b3 h6 19. h5 O-O-O 20. g4 Rdg8 21. Ng3 Nxg3 22. Bxg3 g6 23. hxg6 Rxg6 24. Qf4 Rhg8 25. Bh3 Bg5 26. Nxg5 hxg5 27. Qe3 Qb6 28. Rad1 Rh6 29. Bg2 Rgh8 30. Qxg5 Nxd4 31. Qe3 Ne2+ 32. Rxe2 d4 33. Rxd4 Bxe2 34. Rc4+ Bxc4 35. Qxb6 Bd5 36. Bxd5 exd5 37. Qc5+ Kb8 38. e6+ Ka8 39. exf7 d4 40. f8=Q+ 1-0


[Site "https://www.chess.com"]